 Dungeon Crawl Stone Soup version 0.28.0-53-g5a82cb258f (webtiles) character file.

Game seed: 15139269913146004925

238 Plasmagod the Covert (level 5, -2/25 HPs)
             Began as a Spriggan Brigand on Aug 2, 2022.
             Slain by a gnoll
             ... wielding a +0 spear
              (9 damage)
             ... on level 3 of the Dungeon.
             The game lasted 00:10:06 (3571 turns).

Plasmagod the Covert (Spriggan Brigand)             Turns: 3571, Time: 00:10:07

Health: -2/25      AC:  3    Str:  7    XL:     5   Next: 78%
Magic:  6/6        EV: 16    Int: 12    God:
Gold:   126        SH:  0    Dex: 19    Spells: 4/4 levels left

rFire   + . .      SeeInvis +   q - +2 dagger (venom)
rCold   . . .      Faith    .   (no shield)
rNeg    . . .      Spirit   .   b - +0 robe
rPois   .          Reflect  .   (helmet restricted)
rElec   .          Harm     .   c - +0 cloak
rCorr   +          Rampage  .   (gloves unavailable)
Will    .....                   (boots unavailable)
Stlth   +++++.....              (no amulet)
HPRegen 0.08/turn               k - ring of resist corrosion
MPRegen 0.10/turn               i - ring of protection from fire

@: very quick
A: very small, no large weapons, unfitting armour, see invisible, speed 3
a: no special abilities


You were on level 3 of the Dungeon.
You visited 1 branch of the dungeon, and saw 3 of its levels.

You collected 126 gold pieces.

Inventory:

Hand Weapons
 a - a +2 dagger
 q - a +2 dagger of venom (weapon)
Missiles
 d - a throwing net
 r - 3 poisoned darts (quivered)
 s - a curare-tipped dart
Armour
 b - a +0 robe (worn)
 c - a +0 cloak (worn)
Jewellery
 i - a ring of protection from fire (right hand)
 k - a ring of resist corrosion (left hand)
Scrolls
 e - a scroll of enchant weapon {unknown}
 f - a scroll of summoning {unknown}
 h - a scroll of blinking {unknown}
 l - a scroll of fog {unknown}
 m - 2 scrolls of identify {unknown}
 o - a scroll of immolation {unknown}
 p - 4 scrolls of teleportation {unknown}
Potions
 g - a potion of lignification {unknown}
 j - 2 potions of heal wounds {unknown}
 n - a potion of attraction {unknown}


   Skills:
 - Level 1.5 Fighting
 - Level 2.1 Short Blades
 - Level 2.0 Throwing
 - Level 1.3 Dodging
 + Level 10.8 Stealth


You had 4 spell levels left.
You didn't know any spells.
Your spell library was empty.

Dungeon Overview and Level Annotations

Branches:
Dungeon (3/15)

Altars:
Gozag
Zin

Shops:
D:3 *


Innate Abilities, Weirdness & Mutations

You are very small and have problems with some larger weapons.
You are too small for most types of armour.
You have supernaturally acute eyesight. (SInv)
You cover ground extremely quickly. (Speed+++)


Message History

The gnoll completely misses you.
The gnoll looks more healthy.
You throw a poisoned dart. The poisoned dart hits the gnoll.
The gnoll is poisoned.
The gnoll is moderately wounded.
You closely miss the gnoll.
The gnoll is moderately wounded.
The gnoll hits you from afar with a +0 spear.
The gnoll barely misses you.
You hit the gnoll but do no damage.
The gnoll looks even sicker.
The gnoll is moderately wounded.
The gnoll closely misses you.
You closely miss the gnoll.
The gnoll is heavily wounded.
You hit the gnoll.
You kill the gnoll!
The gnoll misses you.
You throw a poisoned dart.
The poisoned dart barely misses the gnoll.
You hear a splash.
You throw a poisoned dart.
The poisoned dart barely misses the gnoll.
The gnoll barely misses you.
The gnoll hits you from afar with a +0 spear!
* * * LOW HITPOINT WARNING * * *
You see here a poisoned dart.
r - a poisoned dart What are your orders? t - Shout!
Orders for allies: a - Attack new target. p - Attack previous target. r - Retreat! s - Stop attacking. g - Guard the area. f - Follow me.
Anything else - Cancel.
Okay, then.
You see here a poisoned dart.
r - 2 poisoned darts (gained 1)
You see here a poisoned dart.
r - 3 poisoned darts (gained 1)
The gnoll hits you from afar with a +0 spear!
You die...

....#♣♣.≈♣...######.......#
####♣♣P≈≈♣...######.......#######
..♣ ♣≈≈P♣.♣♣....................
.♣♣♣ ♣P≈≈♣♣♣♣♣#####..............
.♣P♣♣♣≈≈.♣♣.♣♣#####..............
...≈≈.≈..≈≈≈≈.................)..
.P♣♣..≈≈≈≈P♣≈♣.........(..#.#####
.♣♣♣♣♣≈≈♣♣♣♣♣♣.....####..........
...♣ ♣♣.P♣♣.....@..# #..........
#### ♣P≈♣♣♣........# #..........
♣≈≈.♣....g....# #..........
#####♣♣.P♣...g....(# #..........
.....##.##.........# ##..........
.....##............###≈≈≈≈≈≈≈....
.....##<##............≈.....≈≈≈≈.
.....##g###.##.###.(..≈.⌠.⌠....≈.
.....##.# #.##.# #....≈..∩..._...


You could see 2 gnolls.

Vanquished Creatures
  A scorpion (D:3)
  An orc priest (D:3)
  A hound zombie (D:3)
  A hound skeleton (D:2)
  2 gnolls (D:3)
  3 adders
  A worm (D:2)
  A dart slug (D:2)
  4 orcs (D:3)
  2 endoplasms (D:1)
  2 giant cockroaches
  7 goblins
  7 hobgoblins
  4 jackals (D:1)
  5 quokkas
  5 ball pythons
  4 bats
  3 frilled lizards
  6 kobolds
  10 rats
70 creatures vanquished.

Vanquished Creatures (others)
  13 plants (D:3)
13 creatures vanquished.

Grand Total: 83 creatures vanquished

Notes
Turn   | Place    | Note
-------+----------+-------------------------------------------
     0 | D:1      | Plasmagod the Spriggan Brigand began the quest for the Orb.
     0 | D:1      | Reached XP level 1. HP: 10/10 MP: 2/2
    29 | D:1      | Reached skill level 6 in Stealth
   155 | D:1      | Reached XP level 2. HP: 3/14 MP: 3/3
   568 | D:1      | Reached skill level 7 in Stealth
  1068 | D:1      | Reached XP level 3. HP: 18/18 MP: 4/4
  1406 | D:2      | Reached skill level 8 in Stealth
  1569 | D:2      | Reached XP level 4. HP: 22/22 MP: 5/5
  2105 | D:3      | Found an opulent altar of Gozag.
  2118 | D:3      | Found Gozag's Platinum Reserve.
  2122 | D:3      | Reached skill level 9 in Stealth
  2304 | D:3      | Found a glowing silver altar of Zin.
  3123 | D:3      | Noticed a scorpion
  3127 | D:3      | Killed a scorpion
  3128 | D:3      | Reached skill level 10 in Stealth
  3128 | D:3      | Reached XP level 5. HP: 25/25 MP: 6/6
  3571 | D:3      | Slain by a gnoll

Illustrated notes

Levels and vault maps discovered:
D:1:      erik_arrival_blinker_ship, layout_basic
D:2:      layout_rooms
D:3:      layout_basic, nicolae_gozag_zags_fifth_avenue,
          mainiacjoe_overflow_concentric_impassable, serial_bayou,
          serial_bayou_pond_d, serial_bayou_lagoon_a, serial_bayou_crossing,
          serial_bayou_pond_d, minivault_26

Skill      XL: |  1  2  3  4 |
---------------+-------------+-----
Stealth        | 6 7 8 10 | 10.8
Fighting       | |  1.5
Short Blades   | |  2.1
Throwing       | |  2.0
Dodging        | |  1.3

Action                   |  1- 3 |  4- 6 || total
-------------------------+-------+-------++-------
Melee: Dagger            |   120 |    78 ||   198
       Punch             |       |     2 ||     2
Throw: Dart              |       |    30 ||    30
 Stab: Sleeping          |    16 |     6 ||    22
       Distracted        |       |     2 ||     2
Armor: Robe              |    21 |     5 ||    26
Dodge: Dodged            |    62 |    53 ||   115
